 Dungeon Crawl Stone Soup version 0.27-a0-637-g3a9f0a9c12 (webtiles) character file.

Game seed: 14319224994978279733

448 jestyr24 the Shield-Bearer (level 6, 0/62 HPs)
             Began as a Troll Fighter on Mar 15, 2021.
             Slain by an orc wizard
             ... wielding a +2 dagger of protection
              (3 damage)
             ... on level 4 of the Dungeon.
             The game lasted 00:14:43 (2881 turns).

jestyr24 the Shield-Bearer (Troll Fighter)          Turns: 2881, Time: 00:14:43

Health: 0/62       AC:  5    Str: 27    XL:     6   Next: 73%
Magic:  5/5        EV:  8    Int:  4    God:
Gold:   206        SH:  0    Dex:  9    Spells: 5/5 levels left

rFire    . . .     SeeInvis .     - Unarmed
rCold    . . .     Faith    .   b - +0 kite shield
rNeg     . . .     Spirit   .   a - +0 robe
rPois    .         Reflect  .   (helmet restricted)
rElec    .         Harm     .   d - +0 cloak
rCorr    .         Rampage  .   (gloves unavailable)
Will     .....                  (boots unavailable)
Stlth    +.........             (no amulet)
HPRegen  1.20/turn              (no ring)
MPRegen  0.09/turn              (no ring)

@: confused
A: large, unfitting armour, claws 3, regeneration 1, shaggy fur 1, tough skin 1
a: no special abilities


You were on level 4 of the Dungeon.
You visited 1 branch of the dungeon, and saw 4 of its levels.

You collected 206 gold pieces.

Inventory:

Hand Weapons
 o - a +4 quarterstaff of chaos
Armour
 a - a +0 robe (worn)
 b - a +0 kite shield (worn)
 d - a +0 cloak (worn)
 p - a +0 cloak
Jewellery
 j - a ring of fire
Scrolls
 f - 4 scrolls of identify {unknown}
 h - 4 scrolls of enchant weapon {unknown}
 i - 2 scrolls of fear {unknown}
 q - a scroll of blinking {unknown}
 t - a scroll of teleportation {unknown}
Potions
 c - a potion of might
 e - a potion of cancellation {unknown}
 g - 2 potions of curing {unknown}
 k - 2 potions of degeneration {unknown}
 l - a potion of brilliance {unknown}
 m - a potion of heal wounds {unknown}
 n - a potion of flight {unknown}
 r - a potion of ambrosia {unknown}
 s - a potion of magic {unknown}


   Skills:
 + Level 3.7 Fighting
 - Level 2.9 Dodging
 + Level 5.0 Shields
 - Level 3.0 Unarmed Combat


You had 5 spell levels left.
You didn't know any spells.
Your spell library was empty.

Dungeon Overview and Level Annotations

Branches:
Dungeon (4/15)
 Temple: D:4-7

Altars:


Innate Abilities, Weirdness & Mutations

You are too large for most types of armour.
You have claws for hands.
Your natural rate of healing is unusually fast.
You are covered in fur. (AC +1)
You have tough skin. (AC +1)


Message History

Your Shields skill increases to level 5!
You barely miss something. Something hits you.
* * * LOW HITPOINT WARNING * * *
You barely miss something. You claw the orc!
You kill the orc!
Something hits you but does no damage. x2
You barely miss the orc. The orc hits you but does no damage.
The orc hits you with a +0 dagger.
* * * LOW HITPOINT WARNING * * *
The orc priest miscasts a cantrip.
Something hits you but does no damage.
Things that are here:
a +0 mace; a +0 plate armour You barely miss the orc priest.
The orc hits you but does no damage. You block the orc priest's attack.
Something hits you.
* * * LOW HITPOINT WARNING * * *
You closely miss the orc priest. The orc hits you with a +0 dagger.
* * * LOW HITPOINT WARNING * * *
The orc priest calls down the wrath of Beogh upon you.
Pain shoots through your body!
* * * LOW HITPOINT WARNING * * *
You block something's attack. The orc hits you with a +0 dagger.
* * * LOW HITPOINT WARNING * * *
You completely miss the orc priest.
The orc priest hits you with a +0 hand axe.
* * * LOW HITPOINT WARNING * * *
Something hits you but does no damage. You block the orc's attack.
You claw the orc priest!
The orc priest is severely wounded.
You block the orc priest's attack.
You hear some strange, mumbled words.
You are confused.
The orc hits you but does no damage.
You closely miss the orc priest.
The orc priest is severely wounded.
The orc priest hits you with a +0 hand axe.
* * * LOW HITPOINT WARNING * * *
Something hits you.
You die...

..................
..................
..................
###...............
#............... .
#...............
...#######...............
.........................
......(.@o...............
.#######o................
##...............#
#....!.........##
#...............#
##..............#
##...........##..
#.)........####..
#..)......### ##.


You could see an orc priest and an orc.

Vanquished Creatures
  An orc warrior (D:4)
  An orc priest (D:3)
  Crazy Yiuf (D:3)
  A bullfrog skeleton (D:4)
  A worker ant (D:4)
  Terence (D:2)
  Natasha (D:2)
  An orc wizard (D:4)
  7 adders
  A worm (D:2)
  2 dart slugs
  4 leopard geckos
  10 orcs
  3 giant cockroaches
  6 goblins
  11 hobgoblins
  6 jackals
  3 ball pythons
  8 bats
  2 frilled lizards
  14 kobolds
  12 rats
97 creatures vanquished.

Notes
Turn   | Place    | Note
-------+----------+-------------------------------------------
     0 | D:1      | jestyr24 the Troll Fighter began the quest for the Orb.
     0 | D:1      | Reached XP level 1. HP: 22/22 MP: 0/0
   250 | D:1      | Reached XP level 2. HP: 29/29 MP: 1/1
   806 | D:1      | Reached XP level 3. HP: 36/36 MP: 2/2
  1029 | D:2      | Noticed Terence
  1215 | D:2      | Killed Terence
  1216 | D:2      | Reached XP level 4. HP: 42/44 MP: 3/3
  1230 | D:2      | Reached skill level 3 in Shields
  1597 | D:2      | Noticed Natasha
  1609 | D:2      | Killed Natasha
  1824 | D:3      | Reached XP level 5. HP: 53/53 MP: 4/4
  2065 | D:3      | Found a runed translucent door.
  2066 | D:3      | Noticed Crazy Yiuf
  2072 | D:3      | Killed Crazy Yiuf
  2073 | D:3      | Reached skill level 4 in Shields
  2595 | D:4      | Reached XP level 6. HP: 61/61 MP: 5/5
  2841 | D:4      | Noticed an orc warrior
  2871 | D:4      | Killed an orc warrior
  2872 | D:4      | Reached skill level 5 in Shields
  2881 | D:4      | HP: 3/62 [orc priest/+0 hand axe (5)]
  2881 | D:4      | Slain by an orc wizard

Illustrated notes

Levels and vault maps discovered:
D:1:      psy_arrival_heroes, layout_basic, minmay_tromino_v7
D:2:      layout_rooms, uniq_natasha, uniq_terence
D:3:      layout_loops_ring, uniq_crazy_yiuf_cottage
D:4:      layout_layer_cave, lemuel_crystal_altar

Skill      XL: |  1  2  3  4  5  6 |
---------------+-------------------+-----
Unarmed Combat | 3 |  3.0
Shields        | 3 4 5 |  5.0
Fighting       | 3 |  3.7
Dodging        | |  2.9

Action                   |  1- 3 |  4- 6 || total
-------------------------+-------+-------++-------
Melee: Unarmed           |   121 |   200 ||   321
Armor: Robe              |    38 |    68 ||   106
Dodge: Dodged            |    31 |    52 ||    83
Block: Kite shield       |    65 |    95 ||   160

Table legend: (Time is in decaauts)
 A = Elapsed time spent in this place.
 B = Non-inter-level travel time spent in this place.
 C = Inter-level travel time spent in this place.
 D = Time resting spent in this place.
 E = Time spent auto-exploring this place.
 F = Levels seen in this place.
 G = Mean time per level.
                   A        B        C        D        E       F      G
               +--------+--------+--------+--------+--------+-----+--------+
         Total |   2926 |   2801 |    125 |    172 |   1574 |   4 |  731.5 |
       Dungeon |   2926 |   2801 |    125 |    172 |   1574 |   4 |  731.5 |
               +--------+--------+--------+--------+--------+-----+--------+

Top non-repeatable levels by time:
     D:1: 1062 daAuts
     D:3: 824 daAuts
     D:2: 731 daAuts
     D:4: 308 daAuts
